 Dungeon Crawl Stone Soup version 0.31-a0-1042-ga9834b393d (webtiles) character file.

Game seed: 3483235941759733262

2688446 Sergey the Intangible (level 27, 164/164 HPs)
             Began as a Felid Delver on Nov 19, 2023.
             Was a Follower of Uskayaw.
             Escaped with the Orb
             ... and 5 runes!
             The game lasted 03:04:43 (89362 turns).

Sergey the Intangible (Felid Delver)               Turns: 89362, Time: 03:04:44

Health: 164/164    AC:  3    Str:  8      XL:     27
Magic:  38/38      EV: 61    Int:  7 (11) God:    Uskayaw [*.....]
Gold:   7143       SH:  0    Dex: 34      Spells: 9/38 levels left
                                        Lives:  2   Deaths: 2

rFire   + .          .
                       - Unarmed
rCold   + . .        (shield unavailable)
rNeg    . . .        (body armour unavailable)
rPois   +            (helmet unavailable)
rElec   .            (cloak unavailable)
rCorr   +            (gloves unavailable)
SInv    +            (boots unavailable)
Will    +++++        y - amulet "Xyinapsemump" {RegenMP Rampage rCorr SInv}
Stlth   +++          J - ring of protection from fire
HPRegen 1.27/turn    H - ring "Paly" {Will+ Dex+6}
MPRegen 0.66/turn

%: rampage
@: studying 2 skills, quick
A: very small, claws 1, fangs 3, see invisible, speed 1, shaggy fur 3, stealthy
paws, no weapons or thrown items, no armour, multi-lived, dopey 2, poison
resistance, regeneration 1, robust 2, wild magic 1, inability to read after
injury 1
0: Orb of Zot
}: 5/15 runes: barnacled, slimy, silver, abyssal, gossamer
a: Renounce Religion, Stomp


You escaped.
You worshipped Uskayaw.
Uskayaw was greatly pleased with you.
You visited 11 branches of the dungeon, and saw 55 of its levels.
You visited the Abyss 3 times.
You visited 1 bazaar.
You also visited: Gauntlet, Ice Cave, Volcano and Desolation.

You collected 10152 gold pieces.
You spent 3009 gold pieces at shops.

Inventory:

Jewellery
 h - the ring of Propriety {rCorr Str+4}
   (You found it on level 3 of the Elven Halls)

   [ring of resist corrosion]

   Str+4:     It affects your strength (+4).
   rCorr:     It protects you from acid and corrosion.
 p - a ring of protection from cold
 r - the amulet "Efeiwk" {Reflect Regen+ Dex+3 SH+5}
   (You found it in the Desolation of Salt)

   [amulet of reflection]

   Reflect:   It reflects blocked missile attacks.
   Dex+3:     It affects your dexterity (+3).
   Regen+:    It increases your rate of health regeneration.
   SH+5:      It affects your SH (+5).
 u - a +4 ring of protection
 y - the amulet "Xyinapsemump" (around neck) {RegenMP Rampage rCorr SInv}
   (You found it on level 3 of the Crypt)

   [amulet of magic regeneration]

   RegenMP:   It increases your rate of magic regeneration.
   SInv:      It lets you see invisible.
   rCorr:     It protects you from acid and corrosion.
   Rampage:   It bestows one free step when moving towards enemies.
 H - the ring "Paly" (right paw) {Will+ Dex+6}
   (You found it on level 1 of the Shoals)

   [ring of dexterity]

   Dex+6:     It affects your dexterity (+6).
   Will+:     It increases your willpower.
 I - a ring of willpower
 J - a ring of protection from fire (left paw)
 K - the ring of Goaba {Fire Int+3 SInv}
   (You found it in a Gauntlet)

   [ring of fire]

   Fire:      It enhances your fire magic.
   Int+3:     It affects your intelligence (+3).
   rF+:       It protects you from fire.
   rC-:       It makes you vulnerable to cold.
   SInv:      It lets you see invisible.
 N - an amulet of faith
 P - the ring of Moodiness {Fly AC+4}
   (You found it on level 3 of the Realm of Zot)

   [ring of protection]

   AC+4:      It affects your AC (+4).
   Fly:       It grants you flight.
 X - the ring "Ughit" {rPois rC+++ Str+6 Int-4 Dex-2}
   (You found it on level 3 of the Crypt)

   [ring of strength]

   Str+6:     It affects your strength (+6).
   Int-4:     It affects your intelligence (-4).
   Dex-2:     It affects your dexterity (-2).
   rC+++:     It renders you almost immune to cold.
   rPois:     It protects you from poison
 Y - a ring of protection from cold
Talismans
 k - a granite talisman
 O - a dragon-blood talisman
Wands
 c - a wand of light (26)
 f - a wand of charming (26)
 g - a wand of flame (105)
 i - a wand of roots (57)
 n - a wand of polymorph (12)
 v - a wand of digging (7)
 Z - a wand of mindburst (39)
Scrolls
 a - 8 scrolls of fog {@r2}
 b - a scroll of butterflies
 e - 10 scrolls of teleportation {@r3}
 l - 10 scrolls of vulnerability {!r}
 o - 5 scrolls of poison
 t - 6 scrolls of immolation
 B - 11 scrolls of blinking {@r4}
 D - 7 scrolls of amnesia
 F - 6 scrolls of fear
 S - 35 scrolls of identify {@r1}
 U - a scroll of silence {!r}
Potions
 d - 9 potions of haste {@q5}
 j - 13 potions of heal wounds {@q1}
 m - 19 potions of curing {@q2}
 q - 6 potions of brilliance
 s - 10 potions of attraction
 w - 4 potions of ambrosia
 x - 8 potions of lignification
 z - a potion of berserk rage
 A - 4 potions of enlightenment
 E - 4 potions of cancellation
 G - a potion of might {@q3}
 M - 3 potions of invisibility
 Q - 7 potions of mutation
 T - a potion of resistance
Miscellaneous
 C - a box of beasts
 L - a phantom mirror
 R - a lightning rod (4/4)
 V - a condenser vane (inert)


   Skills:
 + Level 21.4 Fighting
 O Level 27 Dodging
 + Level 17.9 Stealth
 + Level 21.3 Unarmed Combat
 - Level 6.0 Spellcasting
 - Level 8.0 Conjurations
 - Level 6.0 Hexes
 - Level 10.0 Translocations
 - Level 8.0 Transmutations
 - Level 8.0 Air Magic
 + Level 21.3 Invocations
 * Level 15.0 Evocations
 + Level 21.3 Shapeshifting


You had 9 spell levels left.
You knew the following spells:

 Your Spells              Type           Power      Damage    Failure   Level
a - Irradiate             Conj/Tmut      8%         3d14      34%         5
b - Confusing Touch       Hex            13%        N/A       10%         3
c - Jinxbite              Hex            26%        N/A       5%          2
d - Airstrike             Air            8%         2d(2-18)  14%         4
e - Blink                 Tloc           40%        N/A       1%          2
f - Manifold Assault      Tloc           20%        N/A       7%          4
g - Shock                 Conj/Air       68%        1d7       1%          1
h - Passwall              Tmut/Erth      8%         N/A       12%         2
j - Apportation           Tloc           40%        N/A       1%          1
x - Wereblood             Tmut           17%        N/A       2%          2
B - Swiftness             Air            17%        N/A       4%          3

Your spell library contained the following spells:

 Spells                   Type           Power      Damage    Failure   Level
 Magic Dart               Conj           68%        1d6       1%          1
 Lesser Beckoning         Tloc           40%        N/A       1%          2
 Searing Ray              Conj           34%        2d5       2%          2
 Static Discharge         Conj/Air       34%        3-5/arc   2%          2
 Gell's Gravitas          Tloc           20%        N/A       2%          3
 Teleport Other           Tloc           20%        N/A       2%          3
 Slow                     Hex            52%        N/A       4%          1
 Dazzling Flash           Conj/Hex       30%        N/A       7%          3
 Passage of Golubria      Tloc           20%        N/A       7%          4
 Foxfire                  Conj/Fire      40%        2x1d6     8%          1
 Kiss of Death            Conj/Necr      40%        2d8       8%          1
 Sting                    Tmut/Pois      40%        1d5       8%          1
 Sigil of Binding         Hex            13%        N/A       10%         3
 Iskenderun's Mystic Bla  Conj/Tloc      19%        2d6       10%         4
 Vhi's Electric Charge    Tloc/Air       38%        N/A       10%         4
 Mephitic Cloud           Conj/Pois/Air  12%        N/A       13%         3
 Volatile Blastmotes      Fire/Tloc      22%        2d11      14%         3
 Ensorcelled Hibernation  Hex/Ice        16%        N/A       16%         2
 Hailstorm                Conj/Ice       10%        3d5       21%         3
 Stone Arrow              Conj/Erth      20%        3d8       21%         3
 Fulminant Prism          Conj/Hex       7%         3d7       21%         4
 Inner Flame              Hex/Fire       8%         N/A       30%         3
 Summon Guardian Golem    Hex/Summ       8%         N/A       30%         3
 Cause Fear               Hex            6%         N/A       30%         4
 Freeze                   Ice            8%         1d3       34%         1
 Necrotise                Necr           8%         1d4       34%         1
 Summon Small Mammal      Summ           8%         N/A       34%         1
 Arcjolt                  Conj/Air       8%         1d18      34%         5
 Call Imp                 Summ           4%         N/A       45%         2
 Sublimation of Blood     Necr           2%         N/A       45%         2
 Flame Wave               Conj/Fire      10%        2d6       52%         4
 Petrify                  Tmut/Erth      10%        N/A       52%         4
 Sticky Flame             Conj/Fire      10%        2d3       52%         4
 Summon Lightning Spire   Summ/Air       10%        N/A       52%         4
 Dispersal                Tloc           10%        N/A       63%         6
 Call Canine Familiar     Summ           2%         N/A       67%         3
 Frozen Ramparts          Ice            4%         1d1       67%         3
 Ozocubu's Armour         Ice            2%         N/A       67%         3
 Vampiric Draining        Necr           2%         2d6       67%         3
 Leda's Liquefaction      Hex/Erth       4%         N/A       67%         4
 Freezing Cloud           Conj/Ice/Air   6%         6-21      71%         5
 Alistair's Intoxication  Tmut/Pois      6%         N/A       86%         5
 Fireball                 Conj/Fire      5%         3d5       86%         5
 Metabolic Englaciation   Hex/Ice        4%         N/A       94%         5
 Summon Mana Viper        Hex/Summ       8%         N/A       94%         5
 Animate Dead             Necr           2%         N/A       96%         4
 Dispel Undead            Necr           2%         3d7       96%         4
 Olgreb's Toxic Radiance  Pois           2%         N/A       96%         4
 Summon Ice Beast         Ice/Summ       2%         N/A       96%         4
 Agony                    Necr           2%         N/A       100%        5
 Borgnjor's Vile Clutch   Necr/Erth      1%         N/A       100%        5
 Lee's Rapid Deconstruct  Erth           1%         3d4*      100%        5
 Bombard                  Conj/Erth      5%         9d2       100%        6
 Death Channel            Necr           1%         N/A       100%        6
 Eringya's Noxious Bog    Tmut/Pois      5%         4d6       100%        6
 Plasma Beam              Fire/Air       5%         2x1d15    100%        6
 Simulacrum               Ice/Necr       1%         N/A       100%        6
 Starburst                Conj/Fire      5%         6d4       100%        6
 Haunt                    Necr/Summ      1%         N/A       100%        7
 Malign Gateway           Summ/Tloc      5%         N/A       100%        7
 Monstrous Menagerie      Summ           1%         N/A       100%        7
 Ozocubu's Refrigeration  Ice            1%         4d7       100%        7
 Summon Hydra             Summ           1%         N/A       100%        7
 Infestation              Necr           1%         N/A       100%        8
 Lehudib's Crystal Spear  Conj/Erth      5%         10d3      100%        8
 Maxwell's Capacitive Co  Air            8%         ∞         100%        8
 Summon Horrible Things   Summ           1%         N/A       100%        8
 Chain Lightning          Conj/Air       8%         3d11      100%        9
 Death's Door             Necr           1%         N/A       100%        9
 Dragon's Call            Summ           1%         N/A       100%        9
 Fire Storm               Conj/Fire      5%         8d1       100%        9
 Shatter                  Erth           1%         3d5*      100%        9
 Dimensional Bullseye     Hex/Tloc       Unusable   N/A       N/A         4
 Animate Armour           Summ/Erth      Unusable   N/A       N/A         4

Dungeon Overview and Level Annotations

Branches:
Dungeon (15/15)            Temple (0/1) D:6            Lair (5/5) D:9
 Shoals (4/4) Lair:2       Spider (4/4) Lair:2        Slime (5/5) Lair:5
    Orc (2/2) D:11            Elf (3/3) Orc:2        Vaults (5/5) D:13
  Crypt (3/3) Vaults:3       Tomb (0/3) Crypt:3      Depths (4/4) D:15
    Zot (5/5) Depths:4      IceCv (visited)         Volcano (visited)
Desolation (visited)      Gauntlet (visited)

Altars:
Ashenzari
Cheibriados
Elyvilon
Gozag
Hepliaklqana
Kikubaaqudgha
Makhleb
Qazlal
Ru
Sif Muna
Trog
Uskayaw
Vehumet
Wu Jian
Xom
Yredelemnul
Jiyva

Shops:
D:2 (   D:5 !   D:9 *   D:11 (   Orc:2 !:[=   Elf:1 :   Elf:2 [   Elf:3 *
Shoals:2 *   Vaults:1 :   Vaults:2 =   Vaults:4 =   Vaults:5 [   Zot:3 *

Portals:
Hell: Depths:1 Depths:2 Depths:3 Depths:4
Abyss: Depths:2 Depths:3
Pandemonium: Depths:1 Depths:2 Depths:4
Ziggurat: Depths:3

Annotations:
D:3 exclusion: downstairs
D:5 exclusion: downstairs
D:6 2 transporters, Menkaure
D:7 1 runed translucent door, 1 exclusion, Crazy Yiuf
D:8 exclusion: 2 downstairs
D:9 1 runed translucent doo, exclusion: door
Lair:3 1 runed translucent door, 4 exclusions, Meazimey's ghost, journeyman NaVM
Lair:4 2 transporters
Shoals:2 3 runed translucent doors, exclusion: obsidian statue, Totu's ghost, adept MiBe
Slime:4 exclusion: downstairs
Orc:1 exclusion: downstairs
Orc:2 exclusion: upstairs
Elf:2 3 runed translucent doors
Depths:1 exclusion: obsidian statue
Depths:2 exclusion: downstairs
Depths:3 6 runed translucent doors


Innate Abilities, Weirdness & Mutations

You have sharp claws.
You have razor-sharp teeth.
You have supernaturally acute eyesight. (SInv)
You cover ground quickly. (Speed+)
Your thick and shaggy fur keeps you warm. (AC +3, rC+)
Your paws help you pounce on unaware monsters.
You are incapable of wielding weapons or throwing items.
You cannot wear armour.
You gain extra lives every three experience levels.
You are very dopey. (Int -4)
Your system is resistant to poisons. (rPois)
Your natural rate of healing is unusually fast.
You are very robust. (+20% HP)
Your spells are a little harder to cast, but a little more powerful.
You occasionally lose the ability to read scrolls when taking damage.


Message History

There is a stone staircase leading down here.
You open the door.
There is an open door here.
Things that are here:
a +0 scale mail; a +0 hand axe
There is a stone staircase leading up, spattered with blood here.
You climb upwards.
Level annotation: exclusion: downstairs
There is a stone staircase leading down here.
Things that are here:
a +0 leather armour; a +0 flail
There is an escape hatch in the ceiling, spattered with blood here.
You see here a +0 halberd.
A mysterious force pulls you upwards. The hatch slams shut behind you.
Things that are here:
2 stones; a +0 dagger
Things that are here:
a +0 sling; a +0 short sword You see here a +0 trident.
There is a stone staircase leading up here.
You climb upwards.
Level annotation: exclusion: downstairs
There is a stone staircase leading down here.
There is a stone staircase leading up here.
You climb upwards.
There is a stone staircase leading down here.
An Executioner and 2 large abominations come into view.
The Executioner completely misses you. The Executioner closely misses you.
The Executioner hits you! The Executioner completely misses you.
The Executioner misses you. The Executioner completely misses you.
Blink to where?
Press: ? - help, Dir - move target
As you read the scroll of blinking {@r4}, it crumbles to dust.
You climb upwards.
There is a stone staircase leading down here.
HP restored.
There is an open door here.
There is a staircase leading out of the dungeon here.
Unknown command.
You have escaped!

##### ....## #####
.##..#######################...#
.###.##...................##.#.#
.# #..##.................##..#.#
.###(..##..8..##'##..8..##...#.#
...#....##...##...##...##....#.#
...#.....#####.....#####.....#.#
...#............@............#)#
...##.......................##.#
....############'############..#
...#...........#.....#### #..##
.........[.............>####.##
####.####..###.#####.........#
...#.# #..# #.....'......####
...#.####..# #######......#
...#.......# #......#


There were no monsters in sight!

Vanquished Creatures
  the Royal Jelly (Slime:5)
  5 dread liches
  5 ancient liches (Zot:5)
  2 orbs of fire (Zot:5)
  Sojobo (Depths:2)
  Josephina (Crypt:3)
  Vv (Crypt:3)
  4 Killer Klowns (Zot:5)
  Parghit (Zot:4)
  3 curse toes
  8 golden dragons
  the Enchantress (Depths:2)
  A caustic shrike (Depths:2)
  2 profane servitors
  4 bone dragons
  Nikola (Elf:1)
  Arachne (Spider:4)
  A pearl dragon (Abyss:3)
  A shard shrike zombie (Crypt:2)
  3 doom hounds (Crypt:2)
  3 electric golems
  Zenata (Crypt:2)
  13 tentacled monstrosities
  6 liches
  27 Orb Guardians
  Grunn (Crypt:2)
  2 deep elf blademasters (Elf:3)
  Asterion (Elf:1)
  3 deep elf master archers (Elf:3)
  A walking frostbound tome (Depths:4)
  4 quicksilver dragons
  14 acid blobs
  4 titans (Vaults:5)
  A kraken (Shoals:3)
  2 ancient champions
  10 death cobs
  7 tentacled starspawn (Abyss:3)
  Gastronok (D:8)
  6 shadow dragons
  15 storm dragons
  4 sphinxes
  Frances (Spider:1)
  13 tengu reavers
  Aizul (Spider:1)
  A draconian knight (Zot:1)
  17 azure jellies
  3 revenants
  3 draconian monks
  12 rockslimes
  9 frost giants
  4 deep elf sorcerers
  19 vault wardens
  6 draconian shifters
  2 emperor scorpions
  6 ghost moths
  A ghoul (Crypt:3)
  6 draconian scorchers
  6 fire giants
  4 deep elf elementalists
  A caustic shrike zombie (Abyss:3)
  7 draconian stormcallers
  7 broodmothers
  16 stone giants
  2 curse skulls
  2 imperial myrmidons (Desolation)
  3 spriggan defenders (Depths:2)
  An orc warlord (Vaults:4)
  5 draconian annihilators
  8 formless jellyfish
  24 very ugly things
  11 quicksilver oozes
  25 ironbound preservers
  A caustic shrike skeleton (Depths:1)
  2 war gargoyles (Vaults:5)
  7 ironbound thunderhulks
  A juggernaut skeleton (Depths:1)
  6 deep elf demonologists
  10 vampire knights
  6 green draconians
  A demonspawn black sun (Zot:1)
  8 yellow draconians
  8 white draconians
  8 black draconians
  9 red draconians
  4 deep elf annihilators
  2 halazid warlocks (Desolation)
  4 spark wasps
  12 purple draconians
  9 dire elephants
  A minotaur (Gauntlet)
  An eidolon (Crypt:2)
  A green death (Zot:5)
  8 deep elf death magi
  4 blizzard demons
  8 ettins
  7 fire dragons
  6 crystal guardians
  A quicksilver dragon zombie (Depths:3)
  28 jiangshi
  5 ragged hierophants (Desolation)
  5 merfolk javelineers
  2 deep elf high priests (Elf:3)
  7 merfolk impalers
  17 yaktaur captains
  13 entropy weavers
  4 hydras
  Fannar (D:10)
  41 vault guards
  14 great orbs of eyes
  6 rakshasas
  2 ogre magi
  4 spriggan air magi
  8 peacekeepers
  6 servants of whispers (Desolation)
  8 ice dragons
  3 merfolk aquamancers
  An anaconda (Lair:4)
  An anaconda (shapeshifter) (Vaults:5)
  4 jorogumos
  A spriggan skeleton (Crypt:2)
  Erolcha (D:9)
  2 alligator snapping turtles
  11 ironbound frosthearts
  A radroach (Spider:4)
  A catoblepas (Gauntlet)
  3 merfolk avatars
  7 death knights
  Erica (D:11)
  6 satyrs
  5 centaur warriors
  3 deep troll shamans (Depths:2)
  2 alligators (Lair:4)
  8 boulder beetles
  A two-headed ogre (shapeshifter) (Vaults:2)
  12 dancing weapons
  3 deep troll earth magi
  4 death yaks
  9 two-headed ogres
  An Orb Guardian skeleton (Crypt:1)
  A bennu skeleton (Crypt:2)
  7 vampire magi
  5 hell hogs (Abyss:3)
  7 orc high priests
  3 tengu warriors
  A shock serpent (shapeshifter) (Vaults:5)
  A quicksilver ooze zombie (Crypt:2)
  4 demonic crawlers
  6 thrashing horrors (Abyss:3)
  2 spriggan berserkers (Depths:4)
  A titan zombie (Depths:3)
  2 hell knights (Crypt:3)
  Urug (Lair:2)
  3 shadow wraiths (Crypt:3)
  Amaemon (Lair:1)
  19 skeletal warriors
  2 wretched stars (Abyss:3)
  An iron troll (Depths:2)
  2 sixfirhies
  11 deep elf knights
  5 skysharks
  2 soul eaters
  4 pharaoh ants
  A golden dragon zombie (Depths:1)
  8 deep elf archers
  5 flayed ghosts
  50 deep trolls
  12 sea snakes
  A sea snake (shapeshifter) (Vaults:4)
  6 glowing orange brains
  An anaconda skeleton (Crypt:2)
  An orange crystal statue (Abyss:3)
  9 orb spiders
  14 phantasmal warriors
  10 spriggan simulacra
  23 ironbound convokers
  9 lindwurms
  11 steelbarb worms
  11 starcursed masses (Abyss:3)
  4 orc knights
  9 necromancers
  6 arcanists
  56 ugly things
  21 harpies
  14 wolf spiders
  14 large abominations
  28 deep elf pyromancers
  26 deep elf zephyrmancers
  A wolf spider (shapeshifter) (Vaults:5)
  7 shining eyes
  A frost giant zombie (Depths:1)
  3 orc sorcerers (Elf:1)
  30 fauns
  5 cyclopes
  31 moths of wrath
  16 manticores
  A salamander (Depths:2)
  8 merfolk sirens
  A worldbinder (Abyss:3)
  8 torpor snails
  A frost giant skeleton (Depths:3)
  30 elephants
  Maurice (D:12)
  2 eyes of devastation (Slime:5)
  5 black mambas
  3 molten gargoyles
  2 orange demons
  5 gargoyles
  4 water nymphs (Shoals:4)
  2 apocalypse crabs (Abyss:3)
  30 vault sentinels
  7 smoke demons
  11 cane toads
  3 rime drakes
  A spriggan zombie (Depths:1)
  A pale draconian zombie (Crypt:1)
  3 efreet
  A yaktaur (shapeshifter) (D:13)
  Psyche (D:10)
  3 kobold demonologists
  A purple draconian zombie (Crypt:2)
  29 yaktaurs
  2 tormentors
  2 unseen horrors
  Maggie (D:7)
  Jeremiah (D:7)
  An alligator snapping turtle skeleton (Crypt:2)
  A rime drake (shapeshifter) (D:14)
  10 freezing wraiths
  A spectral naga (Crypt:3)
  A green draconian skeleton (Crypt:1)
  5 komodo dragons
  10 ice devils (IceCv)
  3 golden dragon simulacra
  4 anaconda simulacra
  A grey draconian skeleton (Crypt:1)
  An ancient zyme (Abyss:3)
  4 tengu conjurers
  9 trolls
  24 merfolk
  8 meliai
  11 polar bears
  A harpy zombie (Crypt:2)
  11 hornets
  A harpy skeleton (Abyss:3)
  3 alligator simulacra
  A raiju (shapeshifter) (D:15)
  A polar bear (shapeshifter) (D:14)
  56 saltlings (Desolation)
  22 tarantellas
  6 wind drakes
  4 glass eyes
  17 raiju (Abyss:3)
  3 dream sheep (Shoals:2)
  10 blink frogs
  4 snapping turtles
  63 slime creatures
  20 culicivoras
  65 flying skulls
  27 jumping spiders
  3 air elementals
  3 centaur simulacra (Crypt:3)
  An ettin skeleton (Crypt:2)
  2 slime creatures (shapeshifter)
  15 water elementals
  54 yaks
  7 small abominations
  8 wyverns
  18 spriggans
  12 wraiths
  5 shadows
  3 fire elementals (Elf:1)
  3 dire elephant simulacra
  2 chaos spawn (Abyss:3)
  4 basilisks
  6 fire bats (Volcano)
  2 golden eyes
  2 steam dragons
  8 neqoxecs
  70 redbacks
  15 vampire mosquitoes
  11 wargs
  A glowing shapeshifter zombie (Depths:3)
  8 minotaur simulacra
  A merfolk zombie (Crypt:1)
  An acid dragon (D:12)
  A harpy simulacrum (IceCv)
  20 water moccasins
  A merfolk skeleton (Crypt:2)
  3 ice beasts
  16 orc warriors
  7 black bears
  8 boggarts
  15 centaurs
  6 ogres
  2 ettin simulacra (Crypt:3)
  18 wolves
  A phantom (D:5)
  A yaktaur zombie (Crypt:1)
  6 kobold brigands
  A rime drake skeleton (Crypt:1)
  15 bullfrogs
  4 scorpions
  4 necrophages (Crypt:3)
  7 deep troll simulacra
  2 earth elementals
  2 gnoll sergeants
  A wight (D:10)
  A killer bee (D:10)
  3 lindwurm simulacra (IceCv)
  3 vampire bats (D:13)
  6 howler monkeys
  3 electric eels
  A crimson imp (D:8)
  5 lava snakes (Volcano)
  3 hounds
  A human zombie (Crypt:2)
  A gnoll bouda (D:7)
  An iron imp (Abyss:3)
  2 jellies
  41 orc priests
  A centaur skeleton (Crypt:2)
  2 hell rats (Lair:2)
  21 orc wizards
  A killer bee zombie (Crypt:2)
  21 gnolls
  7 adders
  4 river rats (Lair:2)
  5 white imps
  2 ufetubi (Abyss:3)
  An adder skeleton (Crypt:1)
  A worm (D:4)
  A dart slug (D:2)
  96 orcs
  8 ball pythons
  5 endoplasms
  2 giant cockroaches (D:2)
  5 goblins
  9 hobgoblins
  4 jackals (D:3)
  A quokka (D:4)
  3 training dummies (Elf:3)
  8 bats
  31 kobolds
  8 rats
  A butterfly (Lair:5)
  3 lurking horrors (Abyss:3)
  6 starspawn tentacles (Abyss:3)
  4 tentacles (Shoals:3)
2648 creatures vanquished.

Vanquished Creatures (collateral kills)
  Norris (Vaults:3)
  Agnes (Spider:4)
  An ironbound convoker (Vaults:1)
  A spriggan simulacrum (IceCv)
4 creatures vanquished.

Vanquished Creatures (others)
  A tengu reaver (Depths:2)
  A deep elf sorcerer (Elf:1)
  A vault guard (Vaults:5)
  A bog body (IceCv)
  2 gargoyles (Volcano)
  2 boggarts (Vaults:1)
  An orc priest (Orc:2)
  A quokka (D:5)
  2 lurking horrors (Abyss:3)
  9 starspawn tentacles (Abyss:3)
21 creatures vanquished.

Grand Total: 2673 creatures vanquished

Notes
Turn   | Place    | Note
-------+----------+-------------------------------------------
     0 | D:5      | Sergey the Felid Delver began the quest for the Orb.
     0 | D:5      | Reached XP level 1. HP: 10/10 MP: 2/2
     0 | D:5      | Found an ornate altar of the Wu Jian Council.
    61 | D:5      | Noticed a phantom
   190 | D:5      | Found a stormy altar of Qazlal.
   191 | D:5      | Found a broken altar of Ashenzari.
   216 | D:4      | Noticed an orc wizard
   217 | D:4      | Noticed an orc priest
   479 | D:2      | Reached skill level 3 in Dodging
  1234 | D:1      | Reached XP level 2. HP: 12/14 MP: 3/3
  1366 | D:1      | Found a faded altar of an unknown god.
  1468 | D:1      | Prayed at the altar of an unknown god.
  1468 | D:1      | Became a worshipper of Uskayaw the Reveller
  1468 | D:1      | Reached * piety under Uskayaw
  1514 | D:1      | Reached ** piety under Uskayaw
  1925 | D:1      | Found a hide-covered altar of Uskayaw.
  2399 | D:1      | Found a hide-covered altar of Uskayaw.
  3225 | D:2      | Reached XP level 3. HP: 17/17 MP: 4/4
  3245 | D:2      | Found Pahes's Weapon Boutique.
  3821 | D:3      | Reached skill level 4 in Dodging
  4285 | D:3      | Learned a level 1 spell: Apportation
  5390 | D:4      | Reached XP level 4. HP: 21/21 MP: 5/5
  5405 | D:4      | Reached skill level 5 in Dodging
  5726 | D:4      | Noticed an ogre
  5815 | D:4      | Found a snail-covered altar of Cheibriados.
  6129 | D:5      | Found a white marble altar of Elyvilon.
  6411 | D:5      | Reached XP level 5. HP: 23/25 MP: 6/6
  6557 | D:5      | Found Wooby's Distillery.
  6560 | D:5      | Bought a potion of heal wounds for 50 gold pieces
  6560 | D:5      | Bought a potion of curing for 30 gold pieces
  6560 | D:5      | Bought a potion of berserk rage for 50 gold pieces
  6754 | D:5      | Learned a level 2 spell: Jinxbite
  6854 | D:5      | Noticed an ice beast
  7756 | D:5      | Killed an ice beast
  7757 | D:5      | Gained mutation: You are covered in thick fur. (AC +2)
                  | [Felid growth]
  7757 | D:5      | Reached XP level 6. HP: 29/29 MP: 7/7
  7879 | D:6      | Noticed an ice beast
  7971 | D:5      | Reached skill level 5 in Fighting
  8190 | D:6      | Reached skill level 6 in Dodging
  8190 | D:6      | Reached XP level 7. HP: 33/33 MP: 8/8
  8517 | D:6      | Reached skill level 7 in Dodging
  8956 | D:6      | Found a transporter.
  8962 | D:6      | Noticed a vampire
  8963 | D:6      | Found a basalt altar of Yredelemnul.
  9027 | D:6      | Noticed Menkaure
  9029 | D:6      | Found an ancient bone altar of Kikubaaqudgha.
  9085 | D:6      | Noticed a vampire
  9086 | D:6      | Found a transporter.
  9146 | D:6      | Learned a level 3 spell: Confusing Touch
  9251 | D:6      | Found a staircase to the Ecumenical Temple.
  9318 | D:6      | Found an opulent altar of Gozag.
  9759 | D:7      | Reached skill level 5 in Hexes
  9804 | D:7      | Reached skill level 1 in Spellcasting
  9804 | D:7      | Reached XP level 8. HP: 37/37 MP: 10/10
  9953 | D:7      | Noticed Maggie
 10253 | D:5      | Found an ornate altar of the Wu Jian Council.
 10375 | D:5      | Found a stormy altar of Qazlal.
 10376 | D:5      | Found a broken altar of Ashenzari.
 10472 | D:5      | Found a white marble altar of Elyvilon.
 10674 | D:5      | Found Wooby's Distillery.
 11872 | D:7      | Noticed Jeremiah
 12121 | D:7      | Reached skill level 8 in Dodging
 12391 | D:7      | Found a runed translucent door.
 12392 | D:7      | Noticed Crazy Yiuf
 12428 | D:8      | Reached skill level 5 in Unarmed Combat
 12464 | D:8      | Reached skill level 9 in Dodging
 12464 | D:8      | Reached skill level 10 in Stealth
 12574 | D:8      | Found a hazy altar of Hepliaklqana.
 12689 | D:8      | Noticed Gastronok
 12731 | D:8      | Reached XP level 9. HP: 37/40 MP: 13/13
 12735 | D:8      | Reached *** piety under Uskayaw
 12737 | D:8      | Reached skill level 10 in Dodging
 12737 | D:8      | Reached skill level 1 in Invocations
 12742 | D:8      | Reached **** piety under Uskayaw
 12929 | D:8      | Reached skill level 5 in Invocations
 13365 | D:8      | Learned a level 1 spell: Shock
 14055 | D:8      | Reached skill level 1 in Conjurations
 14055 | D:8      | Reached skill level 1 in Air Magic
 14253 | D:9      | Found Vischogukk's Assorted Antiques.
 14636 | D:9      | Noticed a troll
 14639 | D:9      | Noticed a kobold demonologist
 15067 | D:8      | Killed a troll
 15255 | D:9      | Reached XP level 10. HP: 32/44 MP: 15/15
 15265 | D:9      | Learned a level 3 spell: Swiftness
 15393 | D:9      | Noticed an orange demon
 15950 | D:9      | Found a staircase to the Lair.
 15970 | D:9      | Found a burning altar of Makhleb.
 15978 | D:9      | Bought a scroll of identify for 34 gold pieces
 15978 | D:9      | Bought a pink potion for 15 gold pieces
 15978 | D:9      | Bought a scroll labelled ESSEDE VEGRILI for 17 gold pieces
 16210 | D:9      | Noticed a soul eater
 16220 | D:8      | Reached skill level 5 in Air Magic
 16230 | D:9      | Found a shimmering altar of Xom.
 16258 | D:9      | Noticed a two-headed ogre
 16271 | D:9      | Found a sacrificial altar of Ru.
 16271 | D:9      | Found a radiant altar of Vehumet.
 16593 | D:9      | Noticed a soul eater
 16594 | D:9      | Noticed a sun demon
 17113 | D:8      | Learned a level 4 spell: Airstrike
 17517 | D:9      | Found a runed translucent door.
 17518 | D:9      | Noticed a cyclops
 17533 | D:9      | Found a radiant altar of Vehumet.
 17549 | D:9      | Found a sacrificial altar of Ru.
 17551 | D:9      | Noticed Erolcha
 17570 | D:9      | Found a shimmering altar of Xom.
 17572 | D:9      | Found a burning altar of Makhleb.
 17576 | D:9      | Found Vischogukk's Assorted Antiques.
 17600 | D:10     | Entered Level 10 of the Dungeon
 17713 | D:10     | Noticed Fannar
 17719 | D:10     | Noticed Psyche
 17769 | D:9      | Found a staircase to the Lair.
 17821 | D:9      | Killed a two-headed ogre
 18206 | D:10     | Reached ***** piety under Uskayaw
 18370 | D:10     | Reached XP level 11. HP: 48/48 MP: 16/16
 18413 | D:10     | Noticed a two-headed ogre
 18426 | D:10     | Killed a two-headed ogre
 18698 | D:10     | Noticed a two-headed ogre
 18702 | D:10     | Killed a two-headed ogre
 19012 | D:10     | Identified the +5 rapier "Xedureum" {speed, Dex+4 Stlth+}
 19076 | D:10     | Killed Psyche
 20075 | D:11     | Found Xiocsosk's Weapon Shoppe.
 20084 | D:11     | Found a staircase to the Orcish Mines.
 20525 | D:11     | Reached skill level 11 in Dodging
 20686 | D:11     | Reached skill level 13 in Dodging
 20686 | D:11     | Gained mutation: Your thick and shaggy fur keeps you warm.
                  | (AC +3, rC+) [Felid growth]
 20686 | D:11     | Reached XP level 12. HP: 55/55 MP: 17/17
 20821 | D:11     | Noticed Erica
 21256 | D:12     | Reached skill level 1 in Evocations
 21466 | D:12     | Noticed Maurice
 21490 | D:12     | Killed Maurice
 21713 | D:12     | Noticed a boulder beetle
 21724 | D:12     | Killed a boulder beetle
 22027 | D:12     | Found a hazy altar of Hepliaklqana.
 22372 | Orc:1    | Entered Level 1 of the Orcish Mines
 23072 | Orc:1    | Reached skill level 10 in Fighting
 23216 | Orc:1    | Reached skill level 1 in Shapeshifting
 23436 | Orc:2    | Entered Level 2 of the Orcish Mines
 23436 | Orc:2    | Found a staircase to the Elven Halls.
 23756 | Orc:2    | Reached XP level 13. HP: 48/61 MP: 6/18
 25278 | Orc:1    | Reached skill level 5 in Shapeshifting
 28763 | Orc:2    | Found Lupitet's Jewellery Boutique.
 28763 | Orc:2    | Found Yturair's Armour Shoppe.
 28769 | Orc:2    | Bought a maw talisman for 360 gold pieces
 28923 | Orc:2    | Found Toets's Distillery.
 28923 | Orc:2    | Found Duumnaiwe's Book Boutique.
 28928 | Orc:2    | Bought a potion of cancellation for 136 gold pieces
 28928 | Orc:2    | Bought a potion of heal wounds for 85 gold pieces
 28928 | Orc:2    | Bought a potion of heal wounds for 85 gold pieces
 28928 | Orc:2    | Bought 2 potions of might for 136 gold pieces
 28937 | Orc:2    | Bought an Inescapable Atlas for 208 gold pieces
 28940 | Orc:2    | Learned a level 2 spell: Blink
 29328 | D:11     | Killed Erica
 29396 | Orc:2    | Bought a potion of curing for 51 gold pieces
 30574 | D:13     | Identified the +0 pair of gloves of Qemoppeuve {rF- rCorr
                  | Dex+3}
 30737 | D:13     | Found a gate to the Vaults.
 32522 | D:12     | Reached skill level 10 in Shapeshifting
 32702 | D:10     | Killed Fannar
 32755 | Lair:1   | Entered Level 1 of the Lair of Beasts
 32755 | Lair:1   | Noticed Amaemon
 34153 | Lair:1   | Killed Amaemon
 34419 | Lair:2   | Reached XP level 14. HP: 66/66 MP: 19/19
 34419 | Lair:2   | Noticed Urug
 34423 | Lair:2   | Killed Urug
 34837 | Lair:2   | Found a hole to the Spider Nest.
 36437 | Lair:2   | Found a staircase to the Shoals.
 36842 | Lair:3   | Found a dark tunnel.
 36856 | Volcano  | Entered a volcano
 37403 | Volcano  | Found a bloodstained altar of Trog.
 37430 | Volcano  | Noticed a stone giant
 37848 | Lair:3   | Found a runed translucent door.
 37848 | Lair:3   | Found a shimmering altar of Xom.
 37848 | Lair:3   | Noticed Meazimey's ghost (journeyman NaVM)
 38968 | Lair:4   | Found a transporter.
 39493 | Lair:4   | Found a transporter.
 40213 | Lair:5   | Entered Level 5 of the Lair of Beasts
 40267 | Lair:5   | Found a gate leading to a gauntlet.
 40276 | Gauntlet | Entered a Gauntlet
 40276 | Gauntlet | Found a transporter.
 40279 | Gauntlet | Found a transporter.
 40283 | Gauntlet | Found a transporter.
 40284 | Gauntlet | Noticed a reaper
 40285 | Gauntlet | Found a transporter.
 40286 | Gauntlet | Found a transporter.
 40287 | Gauntlet | Found a transporter.
 40296 | Gauntlet | Found a transporter.
 40298 | Gauntlet | Found a transporter.
 40314 | Gauntlet | Found a transporter.
 40331 | Gauntlet | Found a transporter.
 40335 | Gauntlet | Found a transporter.
 40343 | Gauntlet | Found a transporter.
 40600 | Gauntlet | Identified the ring of Goaba {Fire Int+3 SInv}
 40858 | Gauntlet | Identified the +0 ring mail of Valiance {Int-4 Dex+6}
 40859 | Gauntlet | Got the Vademecum on Feculent Breccia
 41041 | Lair:5   | Reached skill level 15 in Shapeshifting
 41051 | Lair:5   | Reached XP level 15. HP: 69/69 MP: 20/20
 41056 | Lair:5   | Reached ****** piety under Uskayaw
 41507 | Lair:5   | Found a viscous altar of Jiyva.
 41507 | Lair:5   | Found a staircase to the Slime Pits.
 42463 | D:9      | Killed Erolcha
 43141 | D:13     | Found a gate to the Vaults.
 43743 | D:14     | Reached skill level 10 in Unarmed Combat
 43937 | D:14     | Learned a level 2 spell: Wereblood
 44285 | D:14     | Reached skill level 1 in Transmutations
 44436 | D:15     | Entered Level 15 of the Dungeon
 44612 | D:15     | Got the Incunable of Transportation
 44644 | D:15     | Found a staircase to the Depths.
 44723 | D:15     | Reached XP level 16. HP: 69/73 MP: 19/24
 44852 | D:15     | Reached skill level 5 in Transmutations
 45136 | D:15     | Reached skill level 10 in Invocations
 46986 | D:7      | Killed Jeremiah
 47056 | D:7      | Found a shimmering blue altar of Sif Muna.
 47062 | D:7      | Found a bloodstained altar of Trog.
 47140 | D:7      | Killed Maggie
 47496 | D:8      | Found a hazy altar of Hepliaklqana.
 47620 | D:8      | Killed Gastronok
 47743 | Spider:1 | Entered Level 1 of the Spider Nest
 47983 | Spider:1 | Reached skill level 14 in Dodging
 48593 | Spider:1 | Noticed Frances
 49066 | Spider:1 | Identified the serpent talisman of Tartarus {MP+9 Dex+4}
 49066 | Spider:1 | Noticed Aizul
 49290 | Spider:1 | Killed Frances
 49291 | Spider:1 | Reached skill level 15 in Dodging
 49534 | Spider:1 | Killed Aizul
 49903 | Shoals:1 | Entered Level 1 of the Shoals
 50145 | Shoals:1 | Found a frozen archway.
 50197 | IceCv    | Entered an ice cave
 51006 | IceCv    | Reached skill level 15 in Fighting
 51325 | IceCv    | Reached skill level 16 in Dodging
 51728 | Shoals:1 | You fall into a shaft and drop 1 floor!
 51737 | Shoals:2 | Reached XP level 17. HP: 85/85 MP: 25/25
 51760 | Shoals:2 | Found a runed translucent gate.
 51761 | Shoals:2 | Found a runed translucent gate.
 51836 | Shoals:1 | Identified the ring "Paly" {Will+ Dex+6}
 52853 | Shoals:2 | Found a runed translucent gate.
 52855 | Shoals:2 | Found an opulent altar of Gozag.
 52859 | Shoals:2 | Noticed Totu's ghost (adept MiBe)
 52946 | Shoals:2 | Found Sonanol's Assorted Antiques.
 53024 | Shoals:2 | Bought a potion of might for 176 gold pieces
 53024 | Shoals:2 | Bought a potion of curing for 132 gold pieces
 53024 | Shoals:2 | Bought a potion of curing for 132 gold pieces
 53142 | Shoals:2 | Reached skill level 5 in Evocations
 53645 | Shoals:3 | Reached skill level 17 in Dodging
 53947 | Shoals:3 | Noticed a kraken
 53958 | Shoals:3 | Killed a kraken
 54732 | Shoals:4 | Entered Level 4 of the Shoals
 54849 | Shoals:4 | Identified the ring "Laschiote" {Ice Slay+2}
 55069 | Shoals:4 | Identified the amulet of Givuat {Faith rC- Int+3 SInv}
 55148 | Shoals:4 | Reached skill level 18 in Dodging
 55383 | Shoals:4 | Got a barnacled rune of Zot
 55517 | Shoals:4 | Reached XP level 18. HP: 90/90 MP: 17/28
 56210 | Spider:2 | Found the +1 cloak of Starlight {*Dazzle EV+4 Stlth--}
 57210 | Spider:3 | Reached skill level 5 in Spellcasting
 57665 | Spider:4 | Entered Level 4 of the Spider Nest
 57686 | Spider:4 | Noticed Arachne
 57690 | Spider:4 | Killed Arachne
 57690 | Spider:4 | Noticed Agnes
 57692 | Spider:4 | Killed Agnes
 58627 | Spider:4 | Got a gossamer rune of Zot
 59271 | Vaults:1 | Entered Level 1 of the Vaults
 59296 | Vaults:1 | Reached XP level 19. HP: 94/94 MP: 23/30
 59315 | Vaults:1 | You fall into a shaft and drop 1 floor!
 59475 | Vaults:1 | Found a crumbling gateway.
 59484 | Desolati | Entered the Desolation of Salt
 59843 | Desolati | Identified the amulet "Efeiwk" {Reflect Regen+ Dex+3 SH+5}
 59871 | Desolati | Identified the +2 scale mail of the Wasteland {rN++}
 59876 | Desolati | Got the Spellbook of Electrocution
 59877 | Desolati | Identified the +10 rapier of the Sun {freeze, rF+ Str+3
                  | Int-3 SInv}
 60122 | Desolati | Reached skill level 19 in Dodging
 60311 | Desolati | Got Sif Muna's Atlas of Stolen Souls and the Icicle
 60453 | Desolati | Reached skill level 15 in Unarmed Combat
 60510 | Desolati | Got the Textbook on Lithomancy
 60512 | Desolati | Identified the +6 plate armour of Slovenliness {rCorr Int+6
                  | Dex+2}
 60596 | Desolati | Learned a level 4 spell: Manifold Assault
 60792 | Vaults:1 | Found Zifruluog's Book Emporium.
 60942 | Vaults:1 | Reached skill level 5 in Translocations
 61782 | Vaults:2 | Found Yrchioc's Jewellery Shop.
 61859 | Vaults:2 | Reached skill level 20 in Dodging
 61901 | Vaults:2 | Reached XP level 20. HP: 65/98 MP: 29/31
 62731 | Vaults:2 | Reached skill level 10 in Translocations
 62778 | Vaults:2 | Reached skill level 21 in Dodging
 64580 | Vaults:3 | Noticed Norris
 64585 | Vaults:3 | Killed Norris
 64757 | Vaults:3 | Found a staircase to the Crypt.
 65057 | Vaults:4 | HP: 3/127 [crystal guardian/crystal bolt[a peacekeeper]
                  | (26)]
 65501 | Vaults:4 | Reached XP level 21. HP: 102/102 MP: 21/32
 65687 | Vaults:4 | Found Nuxy's Jewellery Shoppe.
 66551 | Elf:1    | Entered Level 1 of the Elven Halls
 66941 | Elf:1    | Got the Encyclopedia of Bruises
 66975 | Elf:1    | Paralysed by an air elemental for 1 turns
 66995 | Elf:1    | Noticed Nikola
 67003 | Elf:1    | Killed Nikola
 67395 | Elf:1    | Noticed Asterion
 67407 | Elf:1    | Killed Asterion
 67468 | Elf:1    | Found Poxtenuu's Book Shop.
 67473 | Elf:1    | Bought a book of Changes for 324 gold pieces
 67479 | Elf:1    | Learned a level 5 spell: Irradiate
 67919 | Elf:2    | Found Ruyrus's Antique Armour Emporium.
 68014 | Elf:2    | Paralysed by an air elemental for 1 turns
 68141 | Elf:2    | Found a runed translucent gate.
 68142 | Elf:2    | Found a runed translucent gate.
 68142 | Elf:2    | Found a runed translucent gate.
 68203 | Elf:3    | Entered Level 3 of the Elven Halls
 68399 | Elf:3    | Found Qanon's General Store.
 68416 | Elf:3    | Bought a potion of curing for 51 gold pieces
 68416 | Elf:3    | Bought a potion of curing for 51 gold pieces
 68811 | Elf:3    | Reached skill level 15 in Stealth
 69466 | Elf:3    | Killed from afar by a deep elf annihilator
 69757 | Elf:3    | Reached skill level 5 in Conjurations
 69778 | Elf:3    | Got the Encyclopedia of the Sepulchral Wayfarer
 69780 | Elf:3    | Identified the ring of Propriety {rCorr Str+4}
 70069 | Depths:1 | Entered Level 1 of the Depths
 70084 | Depths:1 | Reached XP level 22. HP: 108/108 MP: 23/34
 70358 | Depths:1 | Found a gateway to Hell.
 70407 | Depths:1 | Got the Papyrus of the Twinkling Blizzard
 70433 | Depths:1 | Found a one-way gate leading to the halls of Pandemonium.
 71089 | Depths:2 | Gained mutation: You sometimes lose your temper in combat.
                  | [mutagenic glow]
 71117 | Depths:2 | Identified the storm talisman of Faugy {rN+ SInv Stlth+}
 71117 | Depths:2 | Noticed Sojobo
 71121 | Depths:2 | Killed Sojobo
 71130 | Depths:2 | Lost mutation: You sometimes lose your temper in combat.
                  | [potion of mutation]
 71130 | Depths:2 | Gained mutation: You are partially covered in iridescent
                  | scales. (AC +2) [potion of mutation]
 71130 | Depths:2 | Gained mutation: You expend magic power (3 MP) to
                  | strengthen your wands. [potion of mutation]
 71130 | Depths:2 | Gained mutation: Your spells are a little easier to cast,
                  | but a little less powerful. [potion of mutation]
 71130 | Depths:2 | Gained mutation: Your natural rate of healing is unusually
                  | fast. [potion of mutation]
 71175 | Depths:2 | Reached skill level 15 in Invocations
 71274 | Depths:2 | Found a flickering gateway to a bazaar.
 71279 | Bazaar   | Entered a bazaar
 71279 | Bazaar   | Found Qab Peco's Antique Armour Emporium.
 71306 | Bazaar   | Found Toogiomp's Assorted Antiques.
 71315 | Bazaar   | Found Banewe's Antique Weapon Emporium.
 71333 | Bazaar   | Found Vuhucuy's Book Shop.
 71370 | Bazaar   | Found Picwexush's Magic Scroll Shoppe.
 71377 | Bazaar   | Bought a scroll of teleportation for 30 gold pieces
 71377 | Bazaar   | Bought a scroll of blinking for 75 gold pieces
 71377 | Bazaar   | Bought a scroll of acquirement for 520 gold pieces
 71391 | Bazaar   | Bought a potion of heal wounds for 140 gold pieces
 71391 | Bazaar   | Bought a potion of curing for 84 gold pieces
 71391 | Bazaar   | Acquired 743 gold pieces
 71432 | Depths:2 | Noticed a caustic shrike
 71447 | Depths:2 | Killed a caustic shrike
 71456 | Depths:2 | Noticed the Enchantress
 71776 | Depths:2 | Killed the Enchantress
 71934 | Depths:2 | Found a one-way gate to the infinite horrors of the Abyss.
 72374 | Depths:3 | Noticed a golden dragon
 72387 | Depths:3 | Killed a golden dragon
 72387 | Depths:3 | Found a runed translucent door.
 72387 | Depths:3 | Found a runed translucent door.
 72397 | Depths:3 | Noticed a golden dragon
 72413 | Depths:3 | Killed a golden dragon
 72464 | Depths:3 | Found a runed translucent door.
 72470 | Depths:3 | Found a runed translucent door.
 72917 | Depths:3 | Found a one-way gateway to a ziggurat.
 72974 | Depths:3 | Noticed a golden dragon
 72988 | Depths:3 | Killed a golden dragon
 73229 | Depths:3 | Found a runed translucent gate.
 73229 | Depths:3 | Found a runed translucent gate.
 73229 | Depths:3 | Found a runed translucent gate.
 73394 | Depths:4 | Entered Level 4 of the Depths
 73445 | Depths:4 | Noticed a golden dragon
 73452 | Depths:4 | Killed a golden dragon
 73469 | Depths:4 | Reached XP level 23. HP: 69/113 MP: 23/35
 73744 | Depths:4 | Found a gate to the Realm of Zot.
 75360 | Crypt:1  | Entered Level 1 of the Crypt
 76345 | Crypt:2  | Noticed Grunn
 76364 | Crypt:2  | Killed Grunn
 76651 | Crypt:2  | Identified the ring "Linamen" {Ice Will+}
 76685 | Crypt:2  | Noticed Zenata
 77029 | Crypt:2  | Killed Zenata
 77205 | Crypt:3  | Entered Level 3 of the Crypt
 77401 | Crypt:3  | Found an ancient bone altar of Kikubaaqudgha.
 77495 | Crypt:3  | Identified the ring of the Unbearable God {Ice rPois}
 77495 | Crypt:3  | Noticed Josephina
 77498 | Crypt:3  | Killed Josephina
 77738 | Crypt:3  | Got the Grimoire of Blasphemous Magic
 77811 | Crypt:3  | Found a staircase to the Tomb.
 77811 | Crypt:3  | Noticed a dread lich
 77818 | Crypt:3  | Killed a dread lich
 77819 | Crypt:3  | Reached XP level 24. HP: 119/119 MP: 28/37
 77856 | Crypt:3  | Identified the ring "Iquosyru" {rN+ Will- Dex+7}
 77856 | Crypt:3  | Identified the ring of Polytheism {*Slow rN+ Int+3 Dex+3}
 77882 | Crypt:3  | Identified the ring "Ughit" {rPois rC+++ Str+6 Int-4 Dex-2}
 77974 | Crypt:3  | Identified the amulet "Xyinapsemump" {RegenMP Rampage rCorr
                  | SInv}
 78145 | Crypt:3  | Noticed Vv
 78166 | Crypt:3  | Killed Vv
 78775 | Slime:1  | Entered Level 1 of the Pits of Slime
 78786 | Slime:1  | Reached skill level 22 in Dodging
 78862 | Slime:2  | Gained mutation: You sometimes lose your temper in combat.
                  | [a shining eye]
 78893 | Slime:2  | Lost mutation: You are partially covered in iridescent
                  | scales. (AC +2) [potion of mutation]
 78893 | Slime:2  | Lost mutation: You sometimes lose your temper in combat.
                  | [potion of mutation]
 78893 | Slime:2  | Lost mutation: Your natural rate of healing is unusually
                  | fast. [potion of mutation]
 78893 | Slime:2  | Gained mutation: You have an increased reservoir of magic.
                  | (+10% MP) [potion of mutation]
 78893 | Slime:2  | Gained mutation: You are strong-willed. (Will+) [potion of
                  | mutation]
 78893 | Slime:2  | Gained mutation: You possess an exceptional clarity of
                  | mind. [potion of mutation]
 79098 | Slime:5  | Entered Level 5 of the Pits of Slime
 79138 | Slime:5  | Noticed the Royal Jelly
 79259 | Slime:5  | Gained mutation: You are dopey. (Int -2) [a shining eye]
 79346 | Slime:5  | Killed the Royal Jelly
 79372 | Slime:5  | Slain by an azure jelly
 79463 | Slime:5  | Got Sif Muna's Elucidation of Lithic Pollution
 79492 | Slime:5  | Got the Omnibus of Blasted Wanderlust
 79507 | Slime:5  | Got a slimy rune of Zot
 80215 | Zot:1    | Entered Level 1 of the Realm of Zot
 80523 | Zot:1    | Reached skill level 23 in Dodging
 81089 | Zot:1    | Reached XP level 25. HP: 121/126 MP: 32/41
 82640 | Zot:3    | Identified the ring of Moodiness {Fly AC+4}
 82828 | Zot:3    | Reached skill level 24 in Dodging
 82853 | Zot:3    | Found Nuosuv's CLEARANCE SALE!.
 82861 | Zot:3    | Bought a scroll of revelation for 37 gold pieces
 83171 | Zot:4    | Noticed Parghit
 83181 | Zot:4    | Killed Parghit
 83907 | Zot:5    | Entered Level 5 of the Realm of Zot
 84201 | Zot:5    | Reached skill level 25 in Dodging
 84245 | Zot:5    | Noticed a Killer Klown
 84245 | Zot:5    | Noticed a Killer Klown
 84246 | Zot:5    | Noticed an orb of fire
 84246 | Zot:5    | Noticed an ancient lich
 84247 | Zot:5    | Noticed an ancient lich
 84250 | Zot:5    | Noticed an orb of fire
 84268 | Zot:5    | Killed an orb of fire
 84269 | Zot:5    | Lost mutation: You possess an exceptional clarity of mind.
                  | [an orb of fire]
 84272 | Zot:5    | Killed an orb of fire
 84277 | Zot:5    | Killed an ancient lich
 84277 | Zot:5    | Noticed an ancient lich
 84282 | Zot:5    | Killed an ancient lich
 84283 | Zot:5    | Noticed a dread lich
 84283 | Zot:5    | Noticed an ancient lich
 84284 | Zot:5    | Noticed an ancient lich
 84286 | Zot:5    | Killed an ancient lich
 84291 | Zot:5    | Killed an ancient lich
 84292 | Zot:5    | Reached skill level 10 in Evocations
 84295 | Zot:5    | Killed an ancient lich
 84306 | Zot:5    | Noticed a dread lich
 84309 | Zot:5    | Killed a dread lich
 84314 | Zot:5    | Killed a dread lich
 84318 | Zot:5    | Killed a Killer Klown
 84318 | Zot:5    | Noticed a dread lich
 84318 | Zot:5    | Noticed a dread lich
 84323 | Zot:5    | Noticed a Killer Klown
 84338 | Zot:5    | Killed a dread lich
 84339 | Zot:5    | Reached skill level 26 in Dodging
 84339 | Zot:5    | Noticed a Killer Klown
 84344 | Zot:5    | Reached XP level 26. HP: 131/131 MP: 20/41
 84348 | Zot:5    | Killed a dread lich
 85155 | Depths:3 | Voluntarily entered the Abyss.
 85156 | Abyss:1  | Found a corrupted altar of Lugonu.
 85279 | Abyss:3  | Reached skill level 27 in Dodging
 85310 | Abyss:3  | Found a corrupted altar of Lugonu.
 85369 | Abyss:3  | Gained mutation: You occasionally lose the ability to read
                  | scrolls when taking damage. [a neqoxec]
 85412 | Abyss:3  | Lost mutation: You are strong-willed. (Will+) [potion of
                  | mutation]
 85412 | Abyss:3  | Lost mutation: You have an increased reservoir of magic.
                  | (+10% MP) [potion of mutation]
 85412 | Abyss:3  | Lost mutation: Your spells are a little easier to cast, but
                  | a little less powerful. [potion of mutation]
 85412 | Abyss:3  | Gained mutation: Your system is resistant to poisons.
                  | (rPois) [potion of mutation]
 85412 | Abyss:3  | Gained mutation: Your muscles are strong. (Str +4, Int/Dex
                  | -1) [potion of mutation]
 85412 | Abyss:3  | Gained mutation: Your natural rate of healing is unusually
                  | fast. [potion of mutation]
 85413 | Abyss:3  | Lost mutation: Your muscles are strong. (Str +4, Int/Dex
                  | -1) [potion of mutation]
 85413 | Abyss:3  | Lost mutation: You expend magic power (3 MP) to strengthen
                  | your wands. [potion of mutation]
 85413 | Abyss:3  | Gained mutation: Your spells are a little harder to cast,
                  | but a little more powerful. [potion of mutation]
 85413 | Abyss:3  | Gained mutation: You are robust. (+10% HP) [potion of
                  | mutation]
 85413 | Abyss:3  | Gained mutation: You are very robust. (+20% HP) [potion of
                  | mutation]
 85491 | Abyss:3  | Gained mutation: You are very dopey. (Int -4) [a neqoxec]
 85558 | Abyss:3  | Found a corrupted altar of Lugonu.
 85619 | Depths:3 | Escaped the Abyss
 86022 | Vaults:5 | Entered Level 5 of the Vaults
 86398 | Vaults:5 | Got a silver rune of Zot
 86437 | Vaults:5 | Identified the +9 flail "Supsigg" {speed, rPois rF- rC+}
 86730 | Vaults:5 | Identified the storm talisman "Miakaph" {Int+3}
 86777 | Vaults:5 | Reached XP level 27. HP: 163/163 MP: 38/38
 87103 | Vaults:5 | Found Tureuras's Antique Armour Shop.
 87183 | Vaults:5 | Found the +13 scythe of Curses {drain, curses, Drain}
 87198 | Vaults:5 | Identified the +9 chain mail of Plasticity {+Inv Fly Str+4
                  | SInv}
 87305 | Vaults:5 | Identified the +0 rapier of the Middle {heavy, Str+2 Dex+4}
 87794 | Depths:2 | Voluntarily entered the Abyss.
 87890 | Abyss:3  | Paralysed by accursed screaming for 1 turns
 87930 | Abyss:3  | Found a corrupted altar of Lugonu.
 87981 | Depths:2 | Escaped the Abyss
 87983 | Depths:2 | Voluntarily entered the Abyss.
 87983 | Abyss:3  | Found a corrupted altar of Lugonu.
 87983 | Abyss:3  | Found a corrupted altar of Lugonu.
 88010 | Abyss:3  | Found a burning altar of Makhleb.
 88163 | Abyss:3  | Learned a level 2 spell: Passwall
 88191 | Abyss:3  | Got an abyssal rune of Zot
 88209 | Abyss:3  | Paralysed by accursed screaming for 2 turns
 88220 | Abyss:3  | Paralysed by accursed screaming for 1 turns
 88350 | Depths:2 | Escaped the Abyss
 88579 | Zot:5    | Got the Orb of Zot
 89035 | D:13     | Reached skill level 15 in Evocations
 89362 | D:$      | Escaped with the Orb!

Illustrated notes

Levels and vault maps discovered:
D:1:      giann_horns, layout_basic,
          hellmonk_ecumenical_altar_pennies_from_heaven
D:2:      layout_rooms, serial_shops, shop, dreamdust_princess_corridor,
          grunt_ministairs_6
D:3:      layout_loops_ring, serial_rivers, chequers_serial_rivers_micro_c,
          chequers_serial_rivers_micro_e, chequers_serial_rivers_room_a,
          chequers_serial_rivers_micro_d, chequers_serial_rivers_micro_a
D:4:      layout_loops_cross, kennysheep_mini_moat
D:5:      layout_loops_ring, elyvilon_altar_4, nzn_wu_jian_contemplation,
          gammafunk_temple_overflow_statue, serial_shops,
          nicolae_shop_behind_doors
D:6:      layout_gridville, gammafunk_temple_of_torment,
          grunt_gozag_breadcrumbs, temple_green, abandoned_shop, ldierk_geyser,
          hangedman_abyss_or_decor_passed, centaur_isle
D:7:      layout_loops_ring, hellmonk_overflow_destroyed_library,
          uniq_crazy_yiuf_cottage, uniq_jeremiah, uniq_maggie
D:8:      layout_rooms, mainiacjoe_overflow_24_doors, serial_glass,
          glass_columns_a, glass_columns_c, glass_columns_a, glass_columns_c,
          nicolae_kite_square_tiling_tiny, uniq_gastronok
D:9:      layout_cross, grunt_temple_overflow_champion_of_chaos,
          mainiacjoe_overflow_large_starburst, due_lair_maze_entry_diamond,
          serial_shops, shop, minivault_13, uniq_erolcha
D:10:     layout_small_grid, serial_bayou_pond_d, serial_bayou_pond_b,
          uniq_psyche, uniq_fannar
D:11:     layout_irregular_city, minmay_orc_entry_guard_dogs, serial_shops,
          nicolae_shop_rolling_square, uniq_erica
D:12:     layout_roguey, worldfamousw_hep_ancestral_shrine, uniq_maurice
D:13:     layout_basic, erik_vaults_2, minivault_19, roderic_batcave
D:14:     layout_long_grid
D:15:     hangedman_depths_entry_civil_slaughter, layout_stronghold,
          roderic_lattice_a
Lair:1:   layout_long_grid, infiniplex_staircase_pool, grunt_megastairs_4,
          uniq_amaemon
Lair:2:   layout_gridlike, elwin_shoals_entry_rooms,
          spider_nest_entry_web_field, kennysheep_abandoned_house,
          lemuel_fruit_fields, uniq_urug
Lair:3:   layout_gridlike, ebering_ghost_xom, nicolae_volcano_entry_lava_flow
Lair:4:   gammafunk_boulding_lane, layout_loops_ring,
          nicolae_lair_lakeside_cave, lemuel_fruit_fields
Lair:5:   minmay_lair_end_enchanted_forest, layout_loops_ring, slime_entry_1,
          gauntlet_entry_generic, lemuel_fruit_fields
Shoals:1: layout_shoals, portal_ice_cave_entry_ice_simulacra, st_sunken_temple
Shoals:2: layout_shoals, serial_shops,
          nicolae_shop_temple_entry_statues_fountains, ebering_ghost_gozag
Shoals:3: layout_shoals
Shoals:4: shoals_end_simple, layout_shoals
Spider:1: layout_spider_delve, uniq_aizul, uniq_frances
Spider:2: layout_spider_delve
Spider:3: layout_spider_delve
Spider:4: hellmonk_spider_rune_endless_swarm, drop_trap, uniq_agnes,
          uniq_arachne
Slime:1:  layout_caves
Slime:2:  layout_caves, cheibrodos_slime_lost_civilization_7
Slime:3:  layout_caves, special_room [special_room_jelly]
Slime:4:  layout_caves
Slime:5:  slime_pit
Orc:1:    layout_caves, nicolae_orc_rockfall, nicolae_orc_flooded_monolith
Orc:2:    st_orc_town, layout_caves
Elf:1:    nicolae_elf_arrival_no_cutting_in_line, layout_gridlike, serial_shops,
          nicolae_shop_tiny_real_fake_doors, minmay_elf_sorcery,
          lemuel_upstairs_altar, uniq_asterion, uniq_nikola
Elf:2:    nicolae_elf_blades_crystal_corner, layout_geoelf_grid, serial_shops,
          nicolae_shop_dealshenge, nicolae_elf_glassroom_feature
Elf:3:    elf_hall_gauntlet_narrow, layout_loops_cross, serial_shops, shop,
          nicolae_elf_archery_training
Vaults:1: portal_desolation_entry_nicolae_slug, vaults_dpeg_ring,
          grunt_vaults_diagonal, ontoclasm_vaults_spin,
          nicolae_vaults_network_quinsquares
          [nicolae_vaults_network_quincunx_subvault,
          nicolae_vaults_network_quincunx_subvault,
          nicolae_vaults_network_quincunx_subvault,
          nicolae_vaults_network_quincunx_subvault], v_misc_4, st_diamondy,
          v_pattern_3, nicolae_vaults_apartment_1, nicolae_vaults_double_plus_3,
          nicolae_vaults_puzzle_piece, hangedman_vaults_impose, v_misc_14,
          hangedman_vaults_pinch, nicolae_vaults_tetromino_T_1,
          layout_vaults_maze_bifur, serial_shops, nicolae_shop_tiny_glass
Vaults:2: vaults_room_fancy_cross, nicolae_vaults_storage_room_glass, v_misc_24,
          hangedman_vaults_stretched_pinwheel, vaults_room_door_hall, v_misc_4,
          hangedman_vaults_hat, nicolae_vaults_quadrants,
          ontoclasm_vaults_ring_square, ontoclasm_vaults_claustrophobia,
          nicolae_vaults_house_2, dpeg_vaults_monster_box,
          layout_vaults_omnicross, serial_shops, shop
Vaults:3: nicolae_vaults_network_barrier, v_misc_27,
          nicolae_vaults_network_periphery, minmay_crypt_entry_simple_walls,
          hangedman_vaults_capsules, ontoclasm_vaults_eye,
          nicolae_vaults_tetromino_T_2, layout_vaults_omnigrid, uniq_norris
Vaults:4: vaults_dpeg_doors, hangedman_vaults_stream,
          nicolae_vaults_more_shelving_1, v_misc_1, v_misc_25, v_rooms_3,
          v_misc_11, ontoclasm_vaults_loading_screen, ontoclasm_vaults_fault,
          vaults_room_fours, nicolae_vaults_variable_pillar_hall_cross,
          vaults_room_door_ring, dpeg_vaults_hating_casters, vaults_dpeg_hooks,
          nicolae_vaults_trapezoid_3, layout_vaults_omnibox, serial_shops,
          nicolae_shop_competitors_out_of_business
Vaults:5: serial_shops
Crypt:1:  layout_regular_city, minmay_strange_pillars, grunt_megastairs_1,
          uniq_margery
Crypt:2:  layout_basic, minivault_23, uniq_zenata, uniq_grunn
Crypt:3:  grunt_crypt_end_deaths_head, uniq_vv, uniq_josephina
Depths:1: layout_cave_pools, rand_demon_pan_entry_8, kennysheep_minor_cross,
          hell_entry, hangedman_devilish_allure
Depths:2: evilmike_cross, layout_gridlike, rand_demon_pan_entry_7, hell_entry,
          serial_shops, bzr_entry_road, abyss_entry, uniq_enchantress,
          uniq_sojobo
Depths:3: impenetrable_vault, layout_cave_shapes, enter_ziggurat_e,
          ploomutoo_gammafunk_ghost_potion_laboratory, abyss_entry, hell_entry,
          minmay_misc_feat_doors, infiniplex_staircase_door_maze
Depths:4: evilmike_zot_entry_argh, layout_basic, hell_entry, pan_entry,
          grunt_decor_clamped
Zot:1:    kennysheep_spiral_hall, layout_basic
Zot:2:    layout_concentric_octagons
Zot:3:    layout_misc_corridors, nicolae_shop_clearance
Zot:4:    layout_basic, uniq_parghit
Zot:5:    layout_misc_corridors, st_stairs_7

Skill      XL: |  1  2  3  4  5  6  7  8  9 10 11 12 13 14 15 16 17 18 19 20 21 22 23 24 25 26 27 |
---------------+----------------------------------------------------------------------------------+-----
Dodging        | 3 4 5 6 7 9 10 13 16 18 20 21 23 26 27 | 27.0
Unarmed Combat | 3 4 5 8 10 13 15 16 17 18 19 20 21 | 21.3
Stealth        | 7 8 10 13 15 16 17 | 17.9
Fighting       | 4 5 6 8 10 15 16 17 18 19 20 21 | 21.4
Hexes          | 3 6 |  6.0
Spellcasting   | 1 2 3 6 |  6.0
Invocations    | 6 9 10 12 14 15 18 19 20 21 | 21.3
Conjurations   | 3 5 8 |  8.0
Air Magic      | 3 8 |  8.0
Evocations     | 4 8 10 13 15 | 15.0
Shapeshifting  | 2 11 15 16 19 20 21 | 21.3
Translocations | 4 8 10 | 10.0
Transmutations | 4 6 7 8 |  8.0

Action                     |  1- 3 |  4- 6 |  7- 9 | 10-12 | 13-15 | 16-18 | 19-21 | 22-24 | 25-27 || total
---------------------------+-------+-------+-------+-------+-------+-------+-------+-------+-------++-------
  Melee: Unarmed           |   123 |    85 |   383 |   259 |   896 |  1250 |  1149 |  1446 |  1042 ||  6633
         Bite              |    13 |    10 |    65 |    37 |   125 |   205 |   161 |   217 |   195 ||  1028
         Punch             |     4 |       |    12 |    10 |    66 |   109 |   133 |   194 |   190 ||   718
         Maw               |       |       |       |       |   141 |       |       |       |       ||   141
   Cast: Jinxbite          |       |     9 |    17 |       |       |       |       |       |       ||    26
         Apportation       |       |     1 |     2 |     3 |       |       |       |       |       ||     6
         Confusing Touch   |       |       |    50 |    19 |     3 |       |       |       |       ||    72
         Shock             |       |       |    43 |   145 |    68 |     1 |       |       |       ||   257
         Airstrike         |       |       |       |   113 |   427 |   220 |     5 |     6 |       ||   771
         Swiftness         |       |       |       |     1 |     3 |       |       |       |     1 ||     5
         Blink             |       |       |       |       |     6 |    20 |     2 |     2 |     1 ||    31
         Wereblood         |       |       |       |       |     1 |    25 |    13 |    19 |    13 ||    71
         Manifold Assault  |       |       |       |       |       |       |    99 |   180 |    70 ||   349
         Irradiate         |       |       |       |       |       |       |     1 |    36 |    18 ||    55
         Passwall          |       |       |       |       |       |       |       |       |     5 ||     5
 Invoke: Line Pass         |       |       |     6 |       |     3 |     7 |       |       |       ||    16
         Stomp             |       |       |       |       |       |     7 |       |       |       ||     7
         Grand Finale      |       |       |       |       |       |     5 |     3 |    11 |     7 ||    26
Ability: Begin Untransform |       |       |       |       |     1 |     2 |       |       |     1 ||     4
  Evoke: Wand              |     1 |     5 |       |     1 |    12 |    43 |     2 |     6 |     3 ||    73
         Phantom mirror    |       |       |       |       |       |     3 |     1 |       |       ||     4
         Condenser vane    |       |       |       |       |       |       |     2 |     2 |     4 ||     8
         Lightning rod     |       |       |       |       |       |       |     6 |    12 |       ||    18
    Use: Scroll            |     7 |       |     5 |    11 |     6 |    14 |     4 |     9 |    14 ||    70
         Potion            |     2 |       |     1 |     1 |    10 |     4 |     5 |    18 |    15 ||    56
   Stab: Sleeping          |    11 |     9 |    10 |    15 |    22 |    28 |    59 |    21 |    21 ||   196
         Distracted        |     1 |     1 |       |     2 |     6 |     3 |     7 |    11 |    16 ||    47
         Confused          |       |       |    33 |    17 |       |     1 |     1 |       |       ||    52
         Paralysed         |       |       |     2 |    12 |    64 |   114 |   133 |   160 |   105 ||   590
         Invisible         |       |       |       |       |     5 |     2 |       |       |     2 ||     9
 Armour: Skin              |    39 |    21 |    91 |    81 |   346 |   715 |   379 |   568 |   288 ||  2528
  Dodge: Dodged            |    79 |    67 |   395 |   386 |  1603 |  3396 |  1887 |  2672 |  1708 || 12193
   Form: Statue            |       |       |       |       |     2 |     2 |       |       |       ||     4
         Maw               |       |       |       |       |     1 |       |       |       |       ||     1

Table legend: (Time is in decaauts)
 A = Elapsed time spent in this place.
 B = Non-inter-level travel time spent in this place.
 C = Inter-level travel time spent in this place.
 D = Time resting spent in this place.
 E = Time spent auto-exploring this place.
 F = Levels seen in this place.
 G = Mean time per level.
                   A        B        C        D        E       F      G
               +--------+--------+--------+--------+--------+-----+--------+
         Total | 107069 |  95780 |  11289 |  12579 |  58981 |  65 | 1647.2 |
       Dungeon |  33470 |  29021 |   4449 |   5795 |  13943 |  15 | 2231.3 |
          Lair |   9720 |   8458 |   1262 |    609 |   5924 |   5 | 1944.0 |
        Shoals |   6544 |   6182 |    362 |    629 |   4301 |   4 | 1636.0 |
   Spider Nest |   7446 |   6964 |    482 |    684 |   4557 |   4 | 1861.5 |
    Slime Pits |   1115 |    998 |    117 |    231 |    244 |   5 |  223.0 |
  Orcish Mines |   6172 |   5877 |    295 |   2335 |   2793 |   2 | 3086.0 |
   Elven Halls |   4893 |   4356 |    537 |    214 |   3192 |   3 | 1631.0 |
        Vaults |  11955 |  10312 |   1643 |    368 |   7909 |   5 | 2391.0 |
         Crypt |   4301 |   4005 |    296 |     83 |   2977 |   3 | 1433.7 |
        Depths |   7232 |   6205 |   1027 |     99 |   4793 |   4 | 1808.0 |
           Zot |   7365 |   6551 |    814 |     85 |   5304 |   5 | 1473.0 |
         Abyss |   1359 |   1359 |      0 |     94 |    550 |   5 |  271.8 |
        Bazaar |    193 |    193 |      0 |      0 |    138 |   1 |  193.0 |
      Ice Cave |   2208 |   2208 |      0 |    546 |   1063 |   1 | 2208.0 |
       Volcano |    530 |    530 |      0 |    120 |    294 |   1 |  530.0 |
    Desolation |   1606 |   1606 |      0 |    375 |    739 |   1 | 1606.0 |
      Gauntlet |    952 |    952 |      0 |    307 |    255 |   1 |  952.0 |
               +--------+--------+--------+--------+--------+-----+--------+

Top non-repeatable levels by time:
     D:8: 4137 daAuts
    D:13: 4023 daAuts
   Orc:2: 4013 daAuts
Spider:1: 2960 daAuts
Vaults:3: 2830 daAuts
    D:15: 2678 daAuts
Vaults:1: 2588 daAuts
     D:5: 2519 daAuts
    D:12: 2440 daAuts
   Elf:3: 2432 daAuts
Vaults:2: 2388 daAuts
  Lair:5: 2340 daAuts
  Lair:2: 2315 daAuts
     D:6: 2260 daAuts
    D:10: 2236 daAuts
